 Dungeon Crawl Stone Soup version 0.31-a0-1074-g0b22e4e0f1 (webtiles) character file.

Game seed: 10581359525911719283

1052 ParallaxScroll the Cudgeller (level 8, -6/54 HPs)
             Began as an Octopode Artificer on Nov 29, 2023.
             Killed by divine providence
             ... invoked by an orc priest
              (10 damage)
             ... on level 5 of the Dungeon.
             The game lasted 00:29:37 (6252 turns).

ParallaxScroll the Cudgeller (Octopode Artificer)   Turns: 6252, Time: 00:29:38

Health: -6/54      AC:  1    Str: 11    XL:     8   Next: 26%
Magic:  7/9        EV: 29    Int: 15    God:
Gold:   348        SH:  0    Dex: 13    Spells: 8/9 levels left

rFire   . . .        a - +3 quarterstaff of Inflation {heavy, rCorr SInv}
rCold   . . .        (shield currently unavailable)
rNeg    . . .        (helmet restricted)
rPois   .            t - amulet of the acrobat
rElec   .            u - ring of flight
rCorr   +            (no ring)
SInv    +            (no ring)
Will    .....        (no ring)
Stlth   +++          (no ring)
HPRegen 0.29/turn    (no ring)
MPRegen 0.11/turn    (no ring)
                     (no ring)

%: acrobat
@: weakened, acrobatic, flying
A: almost no armour, amphibious, 8 rings, camouflage 1, gelatinous body 1,
(nimble swimmer 1), tentacles
a: no special abilities


You were on level 5 of the Dungeon.
You visited 1 branch of the dungeon, and saw 5 of its levels.

You collected 348 gold pieces.

Inventory:

Hand Weapons
 a - the +3 quarterstaff of Inflation (weapon) {heavy, rCorr SInv}
   (You took it off an orc on level 5 of the Dungeon)

   SInv:      It lets you see invisible.
   rCorr:     It protects you from acid and corrosion.
 b - a +0 dagger
 c - a +2 whip of flaming
 q - a +0 trident
 r - a +0 short sword
 y - a +0 hand axe
 E - a +0 war axe
 J - a +0 rapier
 L - a +2 heavy flail
Missiles
 i - 5 boomerangs
 j - 41 stones
 x - a throwing net
 A - 6 poisoned darts (quivered)
Magical Staves
 D - a staff of fire
Jewellery
 t - an amulet of the acrobat (around mantle)
 u - a ring of flight (left tentacle)
Talismans
 f - a serpent talisman
Wands
 d - a wand of iceblast (5)
 m - a wand of paralysis (10)
 F - a wand of flame (5)
 I - a wand of charming (12)
Scrolls
 e - a scroll of teleportation
 k - 2 scrolls of enchant weapon
 s - a scroll of noise {unknown}
 v - a scroll of torment {unknown}
 z - a scroll of immolation {unknown}
 C - a scroll of revelation {unknown}
 H - a scroll of blinking {unknown}
Potions
 g - a potion of brilliance {unknown}
 h - 3 potions of lignification
 l - a potion of resistance
 n - a potion of enlightenment {unknown}
 o - a potion of haste {unknown}
 p - 2 potions of mutation {unknown}
 w - a potion of attraction {unknown}
 B - 2 potions of heal wounds {unknown}
 G - a potion of curing {unknown}
 K - a potion of invisibility {unknown}


   Skills:
 - Level 4.0 Fighting
 - Level 1.0 Short Blades
 - Level 5.0(5.1) Maces & Flails
 + Level 1.9(3.7) Staves
 + Level 3.4 Dodging
 - Level 3.0 Stealth
 - Level 1.0 Spellcasting
 - Level 3.0 Conjurations
 - Level 3.0 Fire Magic
 - Level 4.0 Evocations


You had 8 spell levels left.
You knew the following spells:

 Your Spells              Type           Power      Damage    Failure   Level
a - Foxfire               Conj/Fire      36%        2x1d5     7%          1

Your spell library contained the following spells:

 Spells                   Type           Power      Damage    Failure   Level
 Tukima's Dance           Hex            0%         N/A       58%         3
 Passage of Golubria      Tloc           0%         N/A       94%         4
 Yara's Violent Unravell  Hex/Tmut       0%         3d3       100%        5
 Plasma Beam              Fire/Air       2%         2x1d12    100%        6
 Starburst                Conj/Fire      4%         6d4       100%        6


Dungeon Overview and Level Annotations

Branches:
Dungeon (5/15)
 Temple: D:4-7

Altars:
Elyvilon
Kikubaaqudgha
Trog

Shops:
D:1 :

Annotations:
D:3 1 runed translucent door, IsekaiLord's ghost, amateur TrMo
D:5 Blork the orc; Sigmund


Innate Abilities, Weirdness & Mutations

You cannot wear most types of armour.
You are amphibious.
You can wear up to eight rings at the same time.
Your skin changes colour to match your surroundings (Stealth+).
Your rubbery body absorbs attacks. (AC +1, EV +1)
((You are camouflaged when in or above water. (Stealth+)))
You have tentacles for arms and can constrict up to eight enemies at once.


Message History

You kill the gnoll!
A gnoll comes into view. It is wielding a +0 spear.
The iguana bites you!
You barely miss the iguana.
The gnoll shouts!
You grab the iguana. You constrict the iguana.
You hear a shout! x2
The iguana bites you!
* * * LOW HITPOINT WARNING * * *
A gnoll bouda comes into view. It is wielding a +0 club.
The iguana closely misses you.
You hit the iguana.
You squeeze the iguana, but do no damage.
The iguana is heavily wounded.
You constrict the iguana. The iguana misses you.
You hit the iguana.
The iguana is severely wounded.
You constrict the iguana, but do no damage.
An orc comes into view. It is wielding a +0 flail.
The iguana misses you.
The gnoll bouda barks out a call to the hunt!
The gnoll picks up the pace!
The gnoll closely misses you. The iguana barely misses you.
You sock the iguana!
You kill the iguana!
The gnoll hits you from afar with a +0 spear.
* * * LOW HITPOINT WARNING * * *
The gnoll hits you from afar with a +0 spear!
* * * LOW HITPOINT WARNING * * *
Aiming: Charm
Press: ? - help, Shift-Dir - straight line, f - gnoll
Aim: a gnoll, wielding a +0 spear (covering ground quickly, chance to affect: 67%)
The gnoll is charmed.
The orc priest shouts!
The gnoll bouda hits your gnoll with a +0 club.
The gnoll bouda gazes fiercely through you!
You feel your attacks grow feeble.
The orc priest calls down the wrath of Beogh upon you.
Beogh smites you!
You die...

#.## #.#.#
..§.§§.o.
##.####.#.#
≈.o.§v.
##.......####.....
##.####.†.....##.#
...............o)#
'#######'####..#g#
...# .... ##.#)#
..## .....# #.#g#
.###.....## #.#@#
## .....## #.†.# #
....# ..'.### ##
....#.# .# ... #.#
.#. o..# .. .'.
.).' . .# ... .#
..


You could see a gnoll bouda, an orc priest, an orc and a friendly gnoll
(charmed, swift).

Vanquished Creatures
  Menkaure (D:5)
  A water moccasin (D:5)
  An ice beast (D:5)
  2 phantoms (D:5)
  3 scorpions
  A gnoll bouda (D:4)
  A sleepcap (D:4)
  3 iguanas
  Terence (D:2)
  9 gnolls
  6 adders
  4 ufetubi (D:5)
  3 worms
  3 dart slugs
  4 orcs
  8 endoplasms
  2 giant cockroaches (D:1)
  5 goblins
  9 hobgoblins
  2 jackals (D:1)
  5 quokkas
  3 ball pythons
  5 bats
  3 frilled lizards
  5 kobolds
  5 rats
95 creatures vanquished.

Vanquished Creatures (collateral kills)
  A gnoll (D:4)
  A foxfire (D:4)
2 creatures vanquished.

Vanquished Creatures (others)
  An arcanist (D:3)
  88 foxfires
89 creatures vanquished.

Grand Total: 186 creatures vanquished

Notes
Turn   | Place    | Note
-------+----------+-------------------------------------------
     0 | D:1      | ParallaxScroll the Octopode Artificer began the quest for
                  | the Orb.
     0 | D:1      | Reached XP level 1. HP: 13/13 MP: 1/1
    63 | D:1      | Found Foir's Book Emporium.
   101 | D:1      | Reached XP level 2. HP: 14/18 MP: 2/2
   174 | D:1      | Learned a level 1 spell: Foxfire
   639 | D:1      | Reached skill level 1 in Conjurations
   639 | D:1      | Reached skill level 1 in Fire Magic
   639 | D:1      | Reached XP level 3. HP: 23/23 MP: 3/3
  1121 | D:1      | Found Foir's Book Emporium.
  1741 | D:2      | Reached XP level 4. HP: 28/28 MP: 4/4
  1945 | D:2      | Noticed Terence
  2232 | D:2      | Killed Terence
  2456 | D:2      | Reached XP level 5. HP: 28/33 MP: 5/5
  2961 | D:3      | Found a bloodstained altar of Trog.
  2972 | D:3      | Noticed an arcanist
  2974 | D:3      | Killed an arcanist
  3145 | D:3      | Found a white marble altar of Elyvilon.
  3341 | D:3      | Found a runed translucent door.
  3341 | D:3      | Noticed IsekaiLord's ghost (amateur TrMo)
  3938 | D:4      | Reached skill level 1 in Short Blades
  4188 | D:4      | Found an ancient bone altar of Kikubaaqudgha.
  4288 | D:4      | Reached XP level 6. HP: 39/39 MP: 1/7
  4648 | D:4      | Reached skill level 1 in Maces & Flails
  4648 | D:4      | Reached skill level 1 in Spellcasting
  4737 | D:4      | Reached skill level 2 in Maces & Flails
  5175 | D:5      | Entered Level 5 of the Dungeon
  5233 | D:5      | Reached XP level 7. HP: 11/46 MP: 3/8
  5403 | D:5      | Noticed Menkaure
  5410 | D:5      | Killed Menkaure
  5411 | D:5      | Reached skill level 3 in Maces & Flails
  5446 | D:5      | Noticed Sigmund
  5483 | D:5      | Reached skill level 4 in Maces & Flails
  5690 | D:5      | Reached skill level 5 in Maces & Flails
  5690 | D:5      | Reached XP level 8. HP: 5/54 MP: 9/9
  5939 | D:5      | Noticed Blork the orc
  5953 | D:5      | Identified the +3 quarterstaff of Inflation {heavy, rCorr
                  | SInv}
  6052 | D:5      | Reached skill level 1 in Staves
  6252 | D:5      | Killed from afar by an orc priest

Illustrated notes

Levels and vault maps discovered:
D:1:      reono_arrival_forest_river, layout_basic, serial_shops, shop
D:2:      layout_rooms, hangedman_decor_opposing, uniq_terence
D:3:      layout_basic, trog_wizard, mainiacjoe_overflow_alcove_4,
          gammafunk_ghost_grave, roderic_serpentine_path, patterned_corridor
D:4:      layout_basic, kiku_gazebo_garden_becter
D:5:      layout_loops_ring, zin_purify, minmay_curled_crystal,
          kennysheep_crisscross, minmay_quadrilaterals, uniq_sigmund,
          uniq_blork_the_orc, uniq_crazy_yiuf_cottage, uniq_menkaure

Skill      XL: |  1  2  3  4  5  6  7  8 |
---------------+-------------------------+-----
Stealth        | 2 3 |  3.0
Conjurations   | 1 2 3 |  3.0
Fire Magic     | 1 2 3 |  3.0
Fighting       | 2 3 4 |  4.0
Short Blades   | 1 |  1.0
Maces & Flails | 2 5 |  5.0
Spellcasting   | 1 |  1.0
Evocations     | 4 |  4.0
Staves         | 1 |  1.9
Dodging        | 3 |  3.4

Action                     |  1- 3 |  4- 6 |  7- 9 || total
---------------------------+-------+-------+-------++-------
  Melee: Club              |    48 |       |       ||    48
         Constrict         |    17 |    21 |    11 ||    49
         Tentacles         |    15 |    22 |     6 ||    43
         Punch             |     1 |     2 |       ||     3
         Dagger            |    12 |    65 |     2 ||    79
         Whip              |       |    27 |       ||    27
         Flail             |       |     8 |    26 ||    34
         Quarterstaff      |       |       |    16 ||    16
  Throw: Stone             |       |     3 |       ||     3
         Dart              |       |     3 |     4 ||     7
   Cast: Foxfire           |     6 |    41 |     8 ||    55
  Evoke: Wand              |     1 |     7 |     5 ||    13
    Use: Scroll            |     3 |     1 |       ||     4
         Potion            |     1 |     1 |       ||     2
   Stab: Sleeping          |     8 |     4 |     2 ||    14
 Armour: Skin              |    29 |    53 |    42 ||   124
  Dodge: Dodged            |    20 |    61 |    62 ||   143

Table legend: (Time is in decaauts)
 A = Elapsed time spent in this place.
 B = Non-inter-level travel time spent in this place.
 C = Inter-level travel time spent in this place.
 D = Time resting spent in this place.
 E = Time spent auto-exploring this place.
 F = Levels seen in this place.
 G = Mean time per level.
                   A        B        C        D        E       F      G
               +--------+--------+--------+--------+--------+-----+--------+
         Total |   6329 |   5882 |    447 |   1818 |   3115 |   5 | 1265.8 |
       Dungeon |   6329 |   5882 |    447 |   1818 |   3115 |   5 | 1265.8 |
               +--------+--------+--------+--------+--------+-----+--------+

Top non-repeatable levels by time:
     D:3: 1516 daAuts
     D:1: 1497 daAuts
     D:4: 1260 daAuts
     D:2: 1043 daAuts
     D:5: 1012 daAuts
